 Dungeon Crawl Stone Soup version 0.21.1-1-g345015f (webtiles) character file.

670 OwlGirl the Skirmisher (level 7, -1/60 HPs)
             Began as a Gnoll Abyssal Knight on May 27, 2018.
             Was a Priest of Lugonu.
             Slain by an ogre
             ... wielding a +0 giant club
              (15 damage)
             ... on level 6 of the Dungeon.
             The game lasted 00:05:53 (2804 turns).

OwlGirl the Skirmisher (Gnoll Abyssal Knight)       Turns: 2804, Time: 00:05:54

Health: -1/60      AC:  8    Str: 15    XL:     7   Next: 58%
Magic:  11/11      EV: 11    Int: 14    God:    Lugonu [***...]
Gold:   130        SH:  0    Dex: 16    Spells: 11/11 levels left

rFire    . . .     SeeInvis .   u - -3 hand axe (curse)
rCold    . . .     Gourm    .   (no shield)
rNeg     . . .     Faith    .   d - +1 scale mail
rPois    .         Spirit   .   (no helmet)
rElec    .         Reflect  .   (no cloak)
rCorr    .         Harm     .   (no gloves)
MR       .....                  (no boots)
Stlth    +.........             (no amulet)
HPRegen  0.20/turn              (no ring)
MPRegen  0.12/turn              (no ring)

@: no status effects
A: distributed training, fangs 1, strong nose
a: Depart the Abyss, Bend Space, Banish, Renounce Religion


You were on level 6 of the Dungeon.
You worshipped Lugonu.
Lugonu was most pleased with you.
You were not hungry.

You visited 1 branch of the dungeon, and saw 5 of its levels.
You visited the Abyss 1 time.

You collected 130 gold pieces.

Inventory:

Hand Weapons
 a - a +1 hand axe
 f - a +3 flail
 l - a +2 hand axe of flaming
 u - a cursed -3 hand axe (weapon)
Armour
 b - a +0 leather armour
 d - a +1 scale mail (worn)
 m - a +0 scale mail
Wands
 e - a wand of acid (9)
Scrolls
 i - 2 scrolls of blinking
 j - a scroll of fog
 k - a scroll of identify
 p - 2 scrolls of enchant armour
 t - 2 scrolls of random uselessness
Potions
 g - a potion of degeneration {unknown}
 h - 2 potions of flight {unknown}
 n - 2 potions of curing {unknown}
 r - a potion of brilliance {unknown}
 s - 2 potions of cancellation {unknown}
 v - a potion of heal wounds {unknown}
Comestibles
 c - 3 rations


   Skills:
 + Level 7.0 Fighting
 + Level 2.5 Short Blades
 + Level 2.5 Long Blades
 + Level 5.2 Axes
 + Level 2.5 Maces & Flails
 + Level 2.5 Polearms
 + Level 2.5 Staves
 + Level 2.5 Slings
 + Level 2.5 Bows
 + Level 2.5 Crossbows
 + Level 2.5 Throwing
 + Level 5.2 Armour
 + Level 3.6 Dodging
 + Level 2.5 Stealth
 + Level 2.5 Shields
 + Level 2.5 Unarmed Combat
 + Level 2.5 Spellcasting
 + Level 2.0 Conjurations
 + Level 2.0 Hexes
 + Level 2.0 Charms
 + Level 2.0 Summonings
 + Level 2.0 Necromancy
 + Level 2.0 Translocations
 + Level 2.0 Transmutations
 + Level 2.0 Fire Magic
 + Level 2.0 Ice Magic
 + Level 2.0 Air Magic
 + Level 2.0 Earth Magic
 + Level 2.0 Poison Magic
 + Level 5.4 Invocations
 + Level 2.5 Evocations


You had 11 spell levels left.
You didn't know any spells.

Dungeon Overview and Level Annotations

Branches:
Dungeon (4/15)
 Temple: D:4-7

Altars:
Makhleb
Okawaru
Sif Muna
Yredelemnul


Innate Abilities, Weirdness & Mutations

Your experience applies equally to all skills.
You have very sharp teeth.
Your uncanny sense of smell can sniff out nearby items.


Message History

You hit the hound but do no damage. You barely miss the ogre.
The hound barely misses you.
You hit the hound but do no damage. You hit the ogre.
The hound bites you but does no damage. The ogre barely misses you.
The hound bites you but does no damage.
You slash the hound!
The hound is heavily wounded.
You hit the ogre but do no damage. The hound bites you.
* * * LOW HITPOINT WARNING * * *
The ogre completely misses you.
You slash the hound!
The hound is almost dead.
You hit the ogre. The hound barely misses you.
The ogre hits you but does no damage. The hound misses you.
You barely miss the hound.
The hound is almost dead.
You hit the ogre. The hound bites you.
* * * LOW HITPOINT WARNING * * *
The ogre hits you with a giant club!
You die...

#. ∆ #. #... #...
.... ###.### ∆
###...h.# .#
.......@###<#
.####.....O...#
....#.......#.....
#.............##
###.#.....#.###
...#..#.##.#
###.#..#.##.#
#.........#
###.#######


You could see an ogre and a hound.

Vanquished Creatures
  Sigmund (D:6)
  The ghost of Elysium the Arsonist, an amateur DEFE (D:3)
  A bullfrog (D:6)
  A howler monkey (D:3)
  2 orc wizards (D:3)
  A worker ant (D:4)
  7 adders
  An ooze (D:2)
  A worm (D:2)
  An adder zombie (D:6)
  2 dart slugs (D:1)
  2 leopard geckos
  14 orcs (D:3)
  A giant cockroach (D:3)
  2 gnoll zombies (D:2)
  6 goblins
  10 hobgoblins
  8 jackals
  2 quokkas
  A ball python (D:3)
  8 bats
  4 frilled lizards
  5 kobolds
  A leopard gecko skeleton (D:6)
  13 rats
96 creatures vanquished.

Notes
Turn   | Place    | Note
-------+----------+-------------------------------------------
     0 | Abyss:1  | OwlGirl the Gnoll Abyssal Knight began the quest for the Orb.
     0 | Abyss:1  | Reached XP level 1. HP: 23/23 MP: 3/3
     0 | Abyss:1  | Found a corrupted altar of Lugonu.
    19 | Abyss:2  | Noticed a green ugly thing
    20 | Abyss:2  | Noticed a green very ugly thing
    21 | Abyss:2  | Noticed a green very ugly thing
    22 | Abyss:2  | Noticed a green ugly thing
    33 | D:1      | Escaped the Abyss
    56 | D:1      | Reached * piety under Lugonu
   187 | D:1      | Reached XP level 2. HP: 24/29 MP: 5/5
   396 | D:1      | Reached XP level 3. HP: 28/35 MP: 6/6
   696 | D:2      | Reached skill level 1 in Short Blades
   696 | D:2      | Reached skill level 1 in Long Blades
   696 | D:2      | Reached skill level 1 in Maces & Flails
   696 | D:2      | Reached skill level 1 in Polearms
   696 | D:2      | Reached skill level 1 in Staves
   696 | D:2      | Reached skill level 1 in Slings
   696 | D:2      | Reached skill level 1 in Bows
   696 | D:2      | Reached skill level 1 in Crossbows
   696 | D:2      | Reached skill level 1 in Throwing
   696 | D:2      | Reached skill level 1 in Stealth
   696 | D:2      | Reached skill level 1 in Shields
   696 | D:2      | Reached skill level 1 in Unarmed Combat
   696 | D:2      | Reached skill level 1 in Spellcasting
   696 | D:2      | Reached skill level 1 in Evocations
   733 | D:2      | Reached ** piety under Lugonu
   733 | D:2      | Reached XP level 4. HP: 41/41 MP: 7/7
   786 | D:2      | Found a burning altar of Makhleb.
   787 | D:2      | Found an iron altar of Okawaru.
  1032 | D:2      | Found a basalt altar of Yredelemnul.
  1114 | D:2      | Found a deep blue altar of Sif Muna.
  1498 | D:3      | Reached skill level 1 in Conjurations
  1498 | D:3      | Reached skill level 1 in Hexes
  1498 | D:3      | Reached skill level 1 in Charms
  1498 | D:3      | Reached skill level 1 in Summonings
  1498 | D:3      | Reached skill level 1 in Necromancy
  1498 | D:3      | Reached skill level 1 in Translocations
  1498 | D:3      | Reached skill level 1 in Transmutations
  1498 | D:3      | Reached skill level 1 in Fire Magic
  1498 | D:3      | Reached skill level 1 in Ice Magic
  1498 | D:3      | Reached skill level 1 in Air Magic
  1498 | D:3      | Reached skill level 1 in Earth Magic
  1498 | D:3      | Reached skill level 1 in Poison Magic
  1536 | D:3      | Reached XP level 5. HP: 32/47 MP: 8/8
  1620 | D:3      | Reached *** piety under Lugonu
  1671 | D:3      | Reached skill level 5 in Invocations
  1671 | D:3      | Reached XP level 6. HP: 10/53 MP: 9/9
  1894 | D:3      | Noticed Elysium's ghost (amateur DEFE)
  1897 | D:3      | Killed Elysium's ghost
  1897 | D:3      | Reached skill level 5 in Axes
  1897 | D:3      | Reached skill level 5 in Armour
  2546 | D:4      | Reached XP level 7. HP: 25/59 MP: 10/10
  2767 | D:4      | You fall through a shaft for 2 floors!
  2786 | D:6      | Noticed Sigmund
  2793 | D:6      | Killed Sigmund
  2793 | D:6      | Reached skill level 7 in Fighting
  2804 | D:6      | Slain by an ogre

Skill      XL: |  1  2  3  4  5  6  7 |
---------------+----------------------+-----
Short Blades   | 1 2 |  2.5
Long Blades    | 1 2 |  2.5
Maces & Flails | 1 2 |  2.5
Polearms       | 1 2 |  2.5
Staves         | 1 2 |  2.5
Slings         | 1 2 |  2.5
Bows           | 1 2 |  2.5
Crossbows      | 1 2 |  2.5
Throwing       | 1 2 |  2.5
Stealth        | 1 2 |  2.5
Shields        | 1 2 |  2.5
Unarmed Combat | 1 2 |  2.5
Spellcasting   | 1 2 |  2.5
Evocations     | 1 2 |  2.5
Conjurations   | 1 2 |  2.0
Hexes          | 1 2 |  2.0
Charms         | 1 2 |  2.0
Summonings     | 1 2 |  2.0
Necromancy     | 1 2 |  2.0
Translocations | 1 2 |  2.0
Transmutations | 1 2 |  2.0
Fire Magic     | 1 2 |  2.0
Ice Magic      | 1 2 |  2.0
Air Magic      | 1 2 |  2.0
Earth Magic    | 1 2 |  2.0
Poison Magic   | 1 2 |  2.0
Dodging        | 3 |  3.6
Invocations    | 5 |  5.4
Axes           | 5 |  5.2
Armour         | 5 |  5.2
Fighting       | 7 |  7.0

Action                   |  1- 3 |  4- 6 |  7- 9 || total
-------------------------+-------+-------+-------++-------
Melee: Flail             |    17 |       |       ||    17
       Hand axe          |    52 |   164 |    17 ||   233
       Bite              |     2 |    18 |     1 ||    21
Invok: Depart the Abyss  |     1 |       |       ||     1
Evoke: Wand              |       |     6 |     2 ||     8
  Use: Scroll            |       |     8 |       ||     8
  Eat: Chunk             |       |     5 |     1 ||     6
Armor: Leather armour    |     5 |       |       ||     5
       Scale mail        |    12 |    89 |     6 ||   107
Dodge: Dodged            |    45 |   113 |    16 ||   174
